| TOP OF THE 1ST |
|
Tulsa Drillers batting - Pitching for Tennessee Smokies : LHP Virgílio Beyfus
|
|
Pitching: LHP Virgílio Beyfus
|
|
|
Batting: RHB Josh Crenwelge
|
0-0: Ball 1-0: Foul Ball, location: 2F 1-1: Fly out, F4 (Popup, 4S, EV 64.4 MPH)
|
|
Batting: RHB Daniel Samano
|
0-0: Called Strike 0-1: Foul Ball, location: 2F 0-2: Ground out 1-3 (Groundball, 34S, EV 70.6 MPH)
|
|
Batting: RHB Tony Rivera
|
0-0: Called Strike 0-1: Ball 1-1: Fly out, F7 (Flyball, 78M, EV 88.8 MPH)
|
| Top of the 1st over - 0 runs, 0 hits, 0 errors, 0 left on base; Tulsa 0 - Tennessee 0 |
| BOTTOM OF THE 1ST |
|
Tennessee Smokies batting - Pitching for Tulsa Drillers : RHP Steve Mintz
|
|
Pitching: RHP Steve Mintz
|
|
|
Batting: RHB Sam Sours
|
0-0: Swinging Strike 0-1: Foul Ball, location: 2F 0-2: Ball 1-2: Strikes out swinging
|
|
Batting: RHB Khalil Stephens
|
0-0: Ball 1-0: Called Strike 1-1: Ball 2-1: Foul Ball, location: 2F 2-2: DOUBLE (Line Drive, 78XD, EV 105.6 MPH)
|
|
Batting: RHB Brad Santanello
|
0-0: Ball Khalil Stephens steals 3rd base 1-0: Swinging Strike 1-1: Ball 2-1: Ball 3-1: Ground out U3 (Groundball, 3L, EV 110.6 MPH)
|
|
Batting: LHB Angel Oropeza
|
0-0: Ball 1-0: Swinging Strike 1-1: Foul Ball, location: 2F 1-2: Strikes out looking
|
| Bottom of the 1st over - 0 runs, 1 hit, 0 errors, 1 left on base; Tulsa 0 - Tennessee 0 |
| TOP OF THE 2ND |
|
Tulsa Drillers batting - Pitching for Tennessee Smokies : LHP Virgílio Beyfus
|
|
Batting: RHB Nick Getz
|
0-0: Ground out 6-3 (Groundball, 6, EV 101.2 MPH)
|
|
Batting: SHB Nate Kopchak
|
0-0: Called Strike 0-1: Foul Ball, location: 2F 0-2: Strikes out swinging
|
|
Batting: RHB Robby Cuellar
|
0-0: Swinging Strike 0-1: Swinging Strike 0-2: Strikes out looking
|
| Top of the 2nd over - 0 runs, 0 hits, 0 errors, 0 left on base; Tulsa 0 - Tennessee 0 |
| BOTTOM OF THE 2ND |
|
Tennessee Smokies batting - Pitching for Tulsa Drillers : RHP Steve Mintz
|
|
Batting: RHB David Barnard
|
0-0: Ball 1-0: Ball 2-0: Foul Ball, location: 2F 2-1: Called Strike 2-2: Ground out 4-3 (Groundball, 34, EV 105.6 MPH)
|
|
Batting: RHB Ryan Walker
|
0-0: Ball 1-0: Ball 2-0: Ball 3-0: Base on Balls
|
|
Batting: RHB Armando Vilano
|
0-0: Called Strike 0-1: Ball 1-1: Foul Ball, location: 2F 1-2: Ball 2-2: Ball Wild Pitch! Ryan Walker to second 3-2: Ground out 4-3 (Groundball, 4MS, EV 88.1 MPH) Ryan Walker to third
|
|
Batting: RHB Sung-hwan Jung
|
0-0: Swinging Strike 0-1: Foul Ball, location: 2F 0-2: Ball 1-2: Fly out, F7 (Flyball, 7LSF, EV 93.8 MPH)
|
| Bottom of the 2nd over - 0 runs, 0 hits, 0 errors, 1 left on base; Tulsa 0 - Tennessee 0 |
| TOP OF THE 3RD |
|
Tulsa Drillers batting - Pitching for Tennessee Smokies : LHP Virgílio Beyfus
|
|
Batting: RHB Marcos Villalobos
|
0-0: Ball 1-0: DOUBLE (Flyball, 8RXD, EV 103.8 MPH)
|
|
Batting: LHB Chris Buchan
|
0-0: Called Strike 0-1: Called Strike Marcos Villalobos steals 3rd, throwing error, E2 Marcos Villalobos scores 0-2: Ball 1-2: DOUBLE (Line Drive, 78D, EV 113.1 MPH)
|
|
Batting: RHB Kyle Garrett
|
0-0: Ball 1-0: Ground out 6-3 (Groundball, 6, EV 86.2 MPH)
|
|
Batting: RHB Josh Crenwelge
|
0-0: Ball 1-0: Ball 2-0: Foul Ball, location: 2F 2-1: Called Strike 2-2: Ground out 5-3 (Groundball, 56S, EV 65.0 MPH) Chris Buchan to third
|
|
Batting: RHB Daniel Samano
|
0-0: Foul Ball, location: 2F 0-1: Ball 1-1: Fly out, F8 (Flyball, 78D, EV 100.6 MPH)
|
| Top of the 3rd over - 1 run, 2 hits, 1 error, 1 left on base; Tulsa 1 - Tennessee 0 |
| BOTTOM OF THE 3RD |
|
Tennessee Smokies batting - Pitching for Tulsa Drillers : RHP Steve Mintz
|
|
Batting: RHB Alvaro Romero
|
0-0: Ball 1-0: Swinging Strike 1-1: Ground out U3 (Groundball, 3S, EV 70.0 MPH)
|
|
Batting: RHB Sam Sours
|
0-0: Ball 1-0: Ground out 5-3 (Groundball, 56S, EV 71.2 MPH)
|
|
Batting: RHB Khalil Stephens
|
0-0: Ball 1-0: Called Strike 1-1: Ball 2-1: Foul Ball, location: 2F 2-2: Strikes out looking
|
| Bottom of the 3rd over - 0 runs, 0 hits, 0 errors, 0 left on base; Tulsa 1 - Tennessee 0 |
| TOP OF THE 4TH |
|
Tulsa Drillers batting - Pitching for Tennessee Smokies : LHP Virgílio Beyfus
|
|
Batting: RHB Tony Rivera
|
0-0: Foul Ball, location: 2F 0-1: Ball 1-1: Foul Ball, location: 2F 1-2: Ball 2-2: Ball 3-2: Base on Balls
|
|
Batting: RHB Nick Getz
|
0-0: Called Strike 0-1: Grounds into double play, 6-4-3 (Groundball, 6, EV 85.6 MPH)
|
|
Batting: SHB Nate Kopchak
|
0-0: Called Strike 0-1: Ground out 3-1 (Groundball, 34, EV 83.8 MPH)
|
| Top of the 4th over - 0 runs, 0 hits, 0 errors, 0 left on base; Tulsa 1 - Tennessee 0 |
| BOTTOM OF THE 4TH |
|
Tennessee Smokies batting - Pitching for Tulsa Drillers : RHP Steve Mintz
|
|
Batting: RHB Brad Santanello
|
0-0: Ball 1-0: SINGLE (Line Drive, 9LS, EV 93.8 MPH)
|
|
Batting: LHB Angel Oropeza
|
0-0: Called Strike 0-1: Ball 1-1: Fielders Choice at 2nd, 1-6 (Groundball, 13S, EV 64.4 MPH)
|
|
Batting: RHB David Barnard
|
0-0: Called Strike 0-1: Ball 1-1: SINGLE (Groundball, 56, EV 101.9 MPH) Angel Oropeza to second
|
|
Batting: RHB Ryan Walker
|
0-0: Grounds into double play, 6-4-3 (Groundball, 6, EV 101.9 MPH)
|
| Bottom of the 4th over - 0 runs, 2 hits, 0 errors, 1 left on base; Tulsa 1 - Tennessee 0 |
| TOP OF THE 5TH |
|
Tulsa Drillers batting - Pitching for Tennessee Smokies : LHP Virgílio Beyfus
|
|
Batting: RHB Robby Cuellar
|
0-0: SINGLE (Groundball, 4MD, EV 103.1 MPH)
|
|
Batting: RHB Marcos Villalobos
|
0-0: Ball 1-0: Grounds into double play, 4-6-3 (Groundball, 4, EV 101.2 MPH)
|
|
Batting: LHB Chris Buchan
|
0-0: Called Strike 0-1: Ball 1-1: Ball 2-1: Ball 3-1: Base on Balls
|
|
Batting: RHB Kyle Garrett
|
0-0: 2-RUN HOME RUN (Flyball, 9LD, EV 97.5 MPH), Distance : 346 ft
|
|
Batting: RHB Josh Crenwelge
|
0-0: Called Strike 0-1: Called Strike 0-2: Strikes out swinging
|
| Top of the 5th over - 2 runs, 2 hits, 0 errors, 0 left on base; Tulsa 3 - Tennessee 0 |
| BOTTOM OF THE 5TH |
|
Tennessee Smokies batting - Pitching for Tulsa Drillers : RHP Steve Mintz
|
|
Batting: RHB Armando Vilano
|
0-0: Called Strike 0-1: Swinging Strike 0-2: Ball 1-2: Ball 2-2: Ball 3-2: Strikes out swinging
|
|
Batting: RHB Sung-hwan Jung
|
0-0: Ball 1-0: DOUBLE (Line Drive, 89D, EV 100.6 MPH)
|
|
Batting: RHB Alvaro Romero
|
0-0: Foul Ball, location: 2F 0-1: Ball 1-1: Called Strike 1-2: Ground out U3 (Groundball, 34, EV 88.1 MPH) Sung-hwan Jung to third
|
|
Batting: RHB Sam Sours
|
0-0: Ball 1-0: Ball 2-0: Ground out 5-3 (Groundball, 56S, EV 78.1 MPH)
|
| Bottom of the 5th over - 0 runs, 1 hit, 0 errors, 1 left on base; Tulsa 3 - Tennessee 0 |
| TOP OF THE 6TH |
|
Tulsa Drillers batting - Pitching for Tennessee Smokies : LHP Virgílio Beyfus
|
|
Batting: RHB Daniel Samano
|
0-0: Foul Ball, location: 2F 0-1: Ground out 3-1 (Groundball, 34, EV 85.0 MPH)
|
|
Batting: RHB Tony Rivera
|
0-0: Foul Ball, location: 2F 0-1: Foul Ball, location: 2F 0-2: Foul Ball, location: 2F 0-2: Ball 1-2: Foul Ball, location: 2F 1-2: Ball 2-2: Strikes out swinging
|
|
Batting: RHB Nick Getz
|
0-0: Called Strike 0-1: Foul Ball, location: 2F 0-2: Ball 1-2: Ball 2-2: Ball 3-2: Foul Ball, location: 2F 3-2: Foul Ball, location: 2F 3-2: Base on Balls
|
|
Batting: SHB Nate Kopchak
|
0-0: SINGLE (Groundball, 34D, EV 95.6 MPH) Nick Getz to second Runner from 2nd tries for 3rd, SAFE, no throw by RF
|
|
Batting: RHB Robby Cuellar
|
0-0: Foul Ball, location: 2F 0-1: Foul Ball, location: 2F 0-2: Strikes out swinging
|
| Top of the 6th over - 0 runs, 1 hit, 0 errors, 2 left on base; Tulsa 3 - Tennessee 0 |
| BOTTOM OF THE 6TH |
|
Tennessee Smokies batting - Pitching for Tulsa Drillers : RHP Steve Mintz
|
|
Batting: RHB Khalil Stephens
|
0-0: Ball 1-0: Ball 2-0: Foul Ball, location: 2F 2-1: Ball 3-1: Called Strike 3-2: SINGLE (Line Drive, 4MD, EV 97.5 MPH)
|
|
Batting: RHB Brad Santanello
|
0-0: Ball 1-0: Called Strike Khalil Stephens steals 2nd base 1-1: Ball 2-1: SINGLE (Line Drive, 34D, EV 102.5 MPH) Khalil Stephens to third
|
|
Batting: LHB Angel Oropeza
|
0-0: Swinging Strike 0-1: Fielders Choice at 2nd, 4-6 (Groundball, 34, EV 82.5 MPH) Khalil Stephens scores
|
|
Batting: RHB David Barnard
|
0-0: Ball 1-0: Foul Ball, location: 2F 1-1: Swinging Strike 1-2: Ball 2-2: Ball 3-2: Base on Balls Angel Oropeza to second
|
|
Batting: RHB Ryan Walker
|
0-0: Called Strike 0-1: Grounds into double play, 5-4-3 (Groundball, 5S, EV 87.5 MPH)
|
| Bottom of the 6th over - 1 run, 2 hits, 0 errors, 1 left on base; Tulsa 3 - Tennessee 1 |
| TOP OF THE 7TH |
|
Tulsa Drillers batting - Pitching for Tennessee Smokies : LHP Virgílio Beyfus
|
|
Batting: RHB Marcos Villalobos
|
0-0: Ball 1-0: SINGLE (Groundball, 56, EV 105.6 MPH) (infield hit)
|
|
Batting: LHB Chris Buchan
|
0-0: Ball 1-0: Ground out 4-3 (Groundball, 13, EV 78.8 MPH) Marcos Villalobos to second
|
|
Batting: RHB Kyle Garrett
|
0-0: Called Strike Marcos Villalobos is caught stealing 3rd base 2-5 0-1: Ground out 5-3 (Groundball, 56S, EV 66.9 MPH)
|
| Top of the 7th over - 0 runs, 1 hit, 0 errors, 0 left on base; Tulsa 3 - Tennessee 1 |
| BOTTOM OF THE 7TH |
|
Tennessee Smokies batting - Pitching for Tulsa Drillers : RHP Steve Mintz
|
|
Batting: RHB Armando Vilano
|
0-0: Foul Ball, location: 2F 0-1: Ball 1-1: SINGLE (Groundball, 34D, EV 106.9 MPH)
|
|
Batting: RHB Sung-hwan Jung
|
0-0: Ball 1-0: Foul Ball, location: 2F 1-1: Ball 2-1: SINGLE (Groundball, 34D, EV 95.0 MPH) Armando Vilano to second Armando Vilano to third
|
|
Pitching: RHP Jordan Arredondo
|
|
|
Pinch Hitting: RHB Tim Long
|
0-0: Ball 1-0: Swinging Strike 1-1: Ball 2-1: Ball 3-1: Base on Balls Sung-hwan Jung to second
|
|
Batting: RHB Sam Sours
|
0-0: Foul Ball, location: 2F 0-1: Called Strike 0-2: Ball 1-2: Strikes out looking
|
|
Batting: RHB Khalil Stephens
|
0-0: Ball 1-0: Foul Ball, location: 2F 1-1: Ball 2-1: Fly out, F9 (Flyball, 89S, EV 83.8 MPH)
|
|
Batting: RHB Brad Santanello
|
0-0: Called Strike 0-1: Ball 1-1: Fly out, F5 (Line Drive, 5, EV 67.5 MPH)
|
| Bottom of the 7th over - 0 runs, 2 hits, 0 errors, 3 left on base; Tulsa 3 - Tennessee 1 |
| TOP OF THE 8TH |
|
Tulsa Drillers batting - Pitching for Tennessee Smokies : LHP Virgílio Beyfus
|
|
Now at 2B: Tim Long
|
|
|
Now at SS: Khalil Stephens
|
|
|
Batting: RHB Josh Crenwelge
|
0-0: Called Strike 0-1: Ball 1-1: Swinging Strike 1-2: Ball 2-2: Ball 3-2: Ground out 5-3 (Groundball, 5, EV 88.1 MPH)
|
|
Batting: RHB Daniel Samano
|
0-0: SINGLE (Flyball, 8LS, EV 92.5 MPH)
|
|
Batting: RHB Tony Rivera
|
0-0: Foul Ball, location: 2F 0-1: Swinging Strike 0-2: Strikes out swinging
|
|
Batting: RHB Nick Getz
|
0-0: Ball 1-0: Ball 2-0: Foul Ball, location: 2F 2-1: Called Strike 2-2: Ground out 5-3 (Groundball, 56, EV 88.1 MPH)
|
| Top of the 8th over - 0 runs, 1 hit, 0 errors, 1 left on base; Tulsa 3 - Tennessee 1 |
| BOTTOM OF THE 8TH |
|
Tennessee Smokies batting - Pitching for Tulsa Drillers : RHP Jordan Arredondo
|
|
Batting: LHB Angel Oropeza
|
0-0: Ball 1-0: Called Strike 1-1: Ball 2-1: Ball 3-1: Called Strike 3-2: Base on Balls
|
|
Batting: RHB David Barnard
|
0-0: Foul Ball, location: 2F 0-1: Called Strike 0-2: Fly out, F9 (Flyball, 9, EV 78.8 MPH)
|
|
Batting: RHB Ryan Walker
|
0-0: Ball 1-0: Called Strike 1-1: Ball 2-1: Called Strike 2-2: Strikes out swinging
|
|
Batting: RHB Armando Vilano
|
0-0: Swinging Strike 0-1: Swinging Strike 0-2: Ball 1-2: Ball 2-2: Foul Ball, location: 2F 2-2: Foul Ball, location: 2F 2-2: SINGLE (Groundball, 56D, EV 97.5 MPH) Angel Oropeza to second
|
|
Batting: RHB Sung-hwan Jung
|
0-0: Ball 1-0: Ball 2-0: Called Strike 2-1: Foul Ball, location: 2F 2-2: Foul Ball, location: 2F 2-2: Strikes out swinging, 2-3 out at first.
|
| Bottom of the 8th over - 0 runs, 1 hit, 0 errors, 2 left on base; Tulsa 3 - Tennessee 1 |
| TOP OF THE 9TH |
|
Tulsa Drillers batting - Pitching for Tennessee Smokies : LHP Virgílio Beyfus
|
|
Pitching: RHP Devin Ward
|
|
|
Batting: SHB Nate Kopchak
|
0-0: Fly out, F7 (Flyball, 78S, EV 73.8 MPH)
|
|
Batting: RHB Robby Cuellar
|
0-0: Foul Ball, location: 2F 0-1: Fly out, F9 (Line Drive, 9LM, EV 96.2 MPH)
|
|
Batting: RHB Marcos Villalobos
|
0-0: Foul Ball, location: 2F 0-1: Ball 1-1: Foul Ball, location: 2F 1-2: Foul Ball, location: 2F 1-2: Foul Ball, location: 2F 1-2: Strikes out swinging
|
| Top of the 9th over - 0 runs, 0 hits, 0 errors, 0 left on base; Tulsa 3 - Tennessee 1 |
| BOTTOM OF THE 9TH |
|
Tennessee Smokies batting - Pitching for Tulsa Drillers : RHP Jordan Arredondo
|
|
Pitching: RHP Etsuji Kawasaki
|
|
|
Batting: RHB Tim Long
|
0-0: Ball 1-0: Ball 2-0: Foul Ball, location: 2F 2-1: Foul Ball, location: 2F 2-2: Ball 3-2: Ground out 6-3 (Groundball, 6, EV 103.8 MPH)
|
|
Batting: RHB Sam Sours
|
0-0: Called Strike 0-1: Ball 1-1: Hit by Pitch
|
|
Batting: RHB Khalil Stephens
|
0-0: Ball 1-0: Foul Ball, location: 2F 1-1: Foul Ball, location: 2F 1-2: Strikes out swinging
|
|
Batting: RHB Brad Santanello
|
0-0: Swinging Strike 0-1: Ball 1-1: Ball 2-1: Swinging Strike 2-2: Ball 3-2: Strikes out swinging
|
| Bottom of the 9th over - 0 runs, 0 hits, 0 errors, 1 left on base; Tulsa 3 - Tennessee 1 |
|